 Dungeon Sprint DCSS version 0.26-a0-660-gc07710193c (webtiles) character file.

Game seed: 6260423304158183486

7 sahdkjhfkaj the Insei (level 2, -4/23 HPs)
             Began as a Gnoll Transmuter on Oct 7, 2020.
             Slain by a scorpion (10 damage)
             ... in the Dungeon (Sprint III: "The Ten Rune Challenge").
             The game lasted 00:00:14 (162 turns).

sahdkjhfkaj the Insei (Gnoll Transmuter)             Turns: 162, Time: 00:00:15

Health: -4/23      AC:  2    Str: 12    XL:     2   Next: 0%
Magic:  6/8        EV: 15    Int: 15    God:
Gold:   0          SH:  0    Dex: 15    Spells: 10/11 levels left

rFire    . . .     SeeInvis .     - Unarmed
rCold    . . .     Faith    .   (no shield)
rNeg     . . .     Spirit   .   a - +0 robe
rPois    .         Reflect  .   (helmet currently unavailable)
rElec    .         Harm     .   (no cloak)
rCorr    .         Rampage  .   (no gloves)
MR       .....     NoTele   +   (boots currently unavailable)
Stlth    ++........             (no amulet)
HPRegen  0.07/turn              (no ring)
MPRegen  0.11/turn              (no ring)

@: appendages
A: distributed training, fangs 1, horns 2, talons 2, strong nose
a: End Transformation


You were in the Dungeon.
You had grown temporary horns.
You had grown temporary talons.
You visited 1 branch

Inventory:

Armour
 a - a +0 robe (worn)
Scrolls
 h - a scroll of blinking
Potions
 b - a potion of might {unknown}
 c - a potion of curing
 d - a potion of heal wounds
 e - a potion of haste
 f - 2 potions of magic
 g - a potion of berserk rage


   Skills:
 + Level 2.7 Fighting
 + Level 1.0 Short Blades
 + Level 1.0 Long Blades
 + Level 1.0 Axes
 + Level 1.0 Maces & Flails
 + Level 1.0 Polearms
 + Level 1.0 Staves
 + Level 1.0 Slings
 + Level 1.0 Bows
 + Level 1.0 Crossbows
 + Level 1.0 Throwing
 + Level 1.0 Armour
 + Level 4.6 Dodging
 + Level 1.0 Stealth
 + Level 1.0 Shields
 + Level 6.6 Unarmed Combat
 + Level 5.0 Spellcasting
 + Level 0.8 Conjurations
 + Level 0.8 Hexes
 + Level 0.8 Summonings
 + Level 0.8 Necromancy
 + Level 0.8 Translocations
 + Level 3.8 Transmutations
 + Level 0.8 Fire Magic
 + Level 0.8 Ice Magic
 + Level 0.8 Air Magic
 + Level 0.8 Earth Magic
 + Level 0.8 Poison Magic
 + Level 1.1 Invocations
 + Level 1.0 Evocations


You had 10 spell levels left.
You knew the following spells:

 Your Spells              Type           Power        Failure   Level
a - Beastly Appendage     Tmut           ###...       3%          1

Your spell library contained the following spells:

 Spells                   Type           Power        Failure   Level
 Wereblood                Tmut           ###.....     4%          2
 Spider Form              Tmut/Pois      ##........   19%         3
 Ice Form                 Ice/Tmut       ##......     52%         4
 Blade Hands              Tmut           ###.......   67%         5


Dungeon Overview and Level Annotations

Branches:
Dungeon (1/1)

Altars:


Innate Abilities, Weirdness & Mutations

Your experience applies equally to all skills.
You have very sharp teeth.
Your uncanny sense of smell can sniff out nearby items.
You have a pair of horns on your head.
You have razor-sharp toenails.


Message History

Confirm with . or Enter, or press ? or * to list all spells.
You grow a pair of large bovine horns.
Your feet morph into talons.
You closely miss the scorpion.
You claw the scorpion, but do no damage.
You headbutt the scorpion.
The scorpion is lightly wounded.
The scorpion stings you!
You hit the scorpion but do no damage. You claw the scorpion.
The scorpion is moderately wounded.
The scorpion stings you!
* * * LOW HITPOINT WARNING * * *
You completely miss the scorpion. You claw the scorpion.
The scorpion is moderately wounded.
The scorpion completely misses you.
Your magical contamination has completely faded away.
You hit the scorpion but do no damage. You headbutt the scorpion.
You bite the scorpion, but do no damage.
The scorpion is heavily wounded.
The scorpion stings you!
You die...

▓...#......##
▓..##...†...#∆∆
.#∆
▓##.##.##...#∆∆ .#
##.##.###..# ..#
▓#.####.##..# ...+
▓.###..##.†##
#...# ▓#..†..##..#
#p...#
###..##...##.....#
##..##...@#......#
#..###..##s#.....#
#(.# #.. ####....#
▓▓▓▓ ▓▓▓ ▓▓▓▓▓ ∆


You could see a scorpion.

Vanquished Creatures
  An ooze (D)
  3 rats (D)
4 creatures vanquished.

Notes
Turn   | Place    | Note
-------+----------+-------------------------------------------
     0 | D        | sahdkjhfkaj the Gnoll Transmuter began the quest for the
                  | Orb.
     0 | D        | Reached XP level 1. HP: 17/17 MP: 6/6
    25 | D        | Reached skill level 1 in Short Blades
    25 | D        | Reached skill level 1 in Long Blades
    25 | D        | Reached skill level 1 in Axes
    25 | D        | Reached skill level 1 in Maces & Flails
    25 | D        | Reached skill level 1 in Polearms
    25 | D        | Reached skill level 1 in Staves
    25 | D        | Reached skill level 1 in Slings
    25 | D        | Reached skill level 1 in Bows
    25 | D        | Reached skill level 1 in Crossbows
    25 | D        | Reached skill level 1 in Throwing
    25 | D        | Reached skill level 1 in Armour
    25 | D        | Reached skill level 1 in Stealth
    25 | D        | Reached skill level 1 in Shields
    25 | D        | Reached skill level 5 in Spellcasting
    25 | D        | Reached skill level 1 in Invocations
    25 | D        | Reached skill level 1 in Evocations
   133 | D        | Reached XP level 2. HP: 23/23 MP: 6/8
   155 | D        | Noticed a scorpion
   162 | D        | Slain by a scorpion

Illustrated notes

Levels and vault maps discovered:
D:        dungeon_sprint_mu [sprint_mu_entry_cave, sprint_mu_temple_rooms,
          sprint_mu_d1_spiders, sprint_mu_d2_genie, sprint_mu_d3_branching,
          sprint_mu_orc_legion, sprint_mu_elf_gauntlet, sprint_mu_hive_nellie,
          sprint_mu_lair_fedhas, sprint_mu_vaults_butterflies,
          sprint_mu_slime_circle, sprint_mu_shoals_archi,
          sprint_mu_snake_twists, sprint_mu_blade_basic, sprint_mu_crypt_lich,
          sprint_mu_tomb_spiral, sprint_mu_vestibule_basic,
          sprint_mu_gehenna_hellfire, sprint_mu_dis_giant,
          sprint_mu_tartarus_statrot, sprint_mu_cocytus_islands, sprint_mu_zot1]

Skill      XL: |  1 |
---------------+----+-----
Short Blades   | 1 |  1.0
Long Blades    | 1 |  1.0
Axes           | 1 |  1.0
Maces & Flails | 1 |  1.0
Polearms       | 1 |  1.0
Staves         | 1 |  1.0
Slings         | 1 |  1.0
Bows           | 1 |  1.0
Crossbows      | 1 |  1.0
Throwing       | 1 |  1.0
Armour         | 1 |  1.0
Stealth        | 1 |  1.0
Shields        | 1 |  1.0
Spellcasting   | 5 |  5.0
Invocations    | 1 |  1.1
Evocations     | 1 |  1.0
Fighting       | |  2.7
Dodging        | |  4.6
Unarmed Combat | |  6.6
Conjurations   | |  0.8
Hexes          | |  0.8
Summonings     | |  0.8
Necromancy     | |  0.8
Translocations | |  0.8
Transmutations | |  3.8
Fire Magic     | |  0.8
Ice Magic      | |  0.8
Air Magic      | |  0.8
Earth Magic    | |  0.8
Poison Magic   | |  0.8

Action                   || total
-------------------------++-------
Melee: Unarmed           ||    14
       Bite              ||     4
       Kick              ||     3
       Headbutt          ||     2
 Cast: Beastly Appendage ||     3
Armor: Robe              ||     1
Dodge: Dodged            ||     4

Table legend: (Time is in decaauts)
 A = Elapsed time spent in this place.
 B = Non-inter-level travel time spent in this place.
 C = Inter-level travel time spent in this place.
 D = Time resting spent in this place.
 E = Time spent auto-exploring this place.
 F = Levels seen in this place.
 G = Mean time per level.
                   A        B        C        D        E       F      G
               +--------+--------+--------+--------+--------+-----+--------+
         Total |    160 |    160 |      0 |      0 |    132 |   1 |  160.0 |
       Dungeon |    160 |    160 |      0 |      0 |    132 |   1 |  160.0 |
               +--------+--------+--------+--------+--------+-----+--------+

Top non-repeatable levels by time:
       D: 160 daAuts
